 Dungeon Crawl Stone Soup version 0.27-a0-1308-gc08437e49b (webtiles) character file.

Game seed: 4352713276454837412

23 hunterBerkeley the Magician (level 3, 0/26 HPs)
             Began as a Djinni Fire Elementalist on June 18, 2021.
             Slain by a jackal (1 damage)
             ... on level 2 of the Dungeon.
             The game lasted 00:02:20 (1661 turns).

hunterBerkeley the Magician (DjFE)                  Turns: 1661, Time: 00:02:21

Health: 0/26       AC:  2    Str:  7    XL:     3   Next: 12%
Gold:   34         EV: 12    Int: 17    God:
                   SH:  0    Dex: 13

rFire    + + .     SeeInvis .   (no weapon)
rCold    x . .     Faith    .   (no shield)
rNeg     . . .     Spirit   .   a - +0 robe
rPois    ∞         Reflect  .   (no helmet)
rElec    .         Harm     .   (no cloak)
rCorr    .         Rampage  .   (no gloves)
Will     .....                  (boots unavailable)
Stlth    ++........             (no amulet)
HPRegen  0.08/turn              (no ring)
MPRegen  0.00/turn              (no ring)

@: flying
A: sickness immunity, fire resistance 2, cold vulnerability 1, float, innate
caster, hp casting, extra vitality 1
a: no special abilities


You were on level 2 of the Dungeon.
You visited 1 branch of the dungeon, and saw 2 of its levels.

You collected 34 gold pieces.

Inventory:

Armour
 a - a +0 robe (worn)
Scrolls
 b - a scroll of identify {unknown}
 c - 2 scrolls of enchant armour {unknown}
 e - 2 scrolls of fear {unknown}
 f - a scroll of fog {unknown}
Potions
 d - a potion of curing {unknown}


   Skills:
 + Level 0.4 Fighting
 + Level 2.4 Dodging
 + Level 1.7 Stealth
 + Level 3.0 Spellcasting


You couldn't memorise any spells.
You knew the following spells:

 Your Spells              Type           Power      Damage    Failure   Level
a - Foxfire               Conj/Fire      48%        2x1d6     4%          1
b - Conjure Flame         Conj/Fire      12%        6-21      16%         3
c - Inner Flame           Hex/Fire       12%        N/A       16%         3
d - Sticky Flame          Conj/Fire      12%        2d4       45%         4
e - Fireball              Conj/Fire      6%         3d5       80%         5
f - Sandblast             Erth           24%        2d8       4%          1
Your spell library was empty.

Dungeon Overview and Level Annotations

Branches:
Dungeon (2/15)

Altars:


Innate Abilities, Weirdness & Mutations

You are immune to sickness and miasma.
You are immune to poison.
Your flesh is very heat resistant. (rF++)
You are vulnerable to cold. (rC-)
You float through the air rather than walking.
You learn spells naturally, not from books.
Your magical power is your life essence.
You have superior vitality. (+4 HP)


Message History

Your foxfire dissipates!
Your foxfire dissipates!
Your foxfire dissipates!
You see here a ball python corpse.
You see here a ball python corpse.
There is a stone staircase leading down here.
Done exploring.
There is a stone staircase leading down here.
You fly downwards.
Found a scroll labelled HYNNICHUXI and a scroll labelled GUIMOF PE DYANK.
There is a stone staircase leading up here.
f - a scroll labelled HYNNICHUXI
There is a stone staircase leading up here.
Found an escape hatch in the ceiling.
A jackal comes into view.
A jackal and a kobold come into view.
The kobold is wielding a +1 dagger of distortion.
You see here a scroll labelled GUIMOF PE DYANK.
Casting: Foxfire (safe; 4% risk of failure)
Confirm with . or Enter, or press ? or * to list all spells.
You conjure some foxfire!
The foxfire hits the jackal.
The jackal is heavily wounded.
The foxfire hits the jackal but does no damage.
The jackal is heavily wounded.
Casting: Foxfire (safe; 4% risk of failure)
Confirm with . or Enter, or press ? or * to list all spells.
You conjure some foxfire!
The kobold hits you with a +1 dagger of distortion.
Space warps horribly around you!!
Ouch! That really hurt!
* * * LOW HITPOINT WARNING * * *
Your foxfire dissipates!
The jackal barks!
The foxfire hits the jackal but does no damage.
The jackal is heavily wounded.
The jackal bites you.
* * * LOW HITPOINT WARNING * * *
The jackal bites you.
You die...

#.# #.# #.# #
#.#
..#.#.#.######
.............#
#.#.#.##.###.#
#.#.<#
#.#@.#######
#..h........
###.###.K#######
..h....?.#
###.#.#..#
#.#.... .
....... .#
..<###... #.
##### ##


You could see a jackal and a kobold.

Vanquished Creatures
  A dart slug (D:1)
  4 ball pythons (D:1)
  2 goblins (D:1)
  4 hobgoblins (D:1)
  3 quokkas (D:1)
  2 bats (D:1)
  4 rats (D:1)
20 creatures vanquished.

Vanquished Creatures (others)
  78 foxfires
78 creatures vanquished.

Grand Total: 98 creatures vanquished

Notes
Turn   | Place    | Note
-------+----------+-------------------------------------------
     0 | D:1      | hunterBerkeley the Djinni Fire Elementalist began the quest
                  | for the Orb.
     0 | D:1      | Reached XP level 1. HP: 15/15 MP: 0/0
   316 | D:1      | Reached XP level 2. HP: 17/22 MP: 0/0
  1063 | D:1      | Reached XP level 3. HP: 24/26 MP: 0/0
  1063 | D:1      | Learned a level 1 spell: Sandblast
  1185 | D:1      | Reached skill level 3 in Spellcasting
  1658 | D:2      | HP: 1/26 [kobold (22)]
  1661 | D:2      | Slain by a jackal

Illustrated notes

Levels and vault maps discovered:
D:1:      minmay_arrival_four_circles, layout_rooms, serial_co_window_serial,
          co_window_paths_a, co_window_corner_a, co_window_paths_b,
          co_window_paths_b, co_window_paths_a, co_window_paths_c,
          co_window_cross_4, co_window_corner_b, co_window_of_opportunity_b,
          co_window_of_opportunity_b, co_window_paths_c, co_window_broadway_a,
          glass_columns_c, minivault_26
D:2:      layout_basic, cheibrodos_gnoll_hut, uniq_crazy_yiuf_cottage,
          uniq_terence

Skill      XL: |  1  2  3 |
---------------+----------+-----
Spellcasting   | 3 |  3.0
Fighting       | |  0.4
Dodging        | |  2.4
Stealth        | |  1.7

Action                   || total
-------------------------++-------
 Cast: Foxfire           ||    49
Armor: Robe              ||     1
Dodge: Dodged            ||     1

Table legend: (Time is in decaauts)
 A = Elapsed time spent in this place.
 B = Non-inter-level travel time spent in this place.
 C = Inter-level travel time spent in this place.
 D = Time resting spent in this place.
 E = Time spent auto-exploring this place.
 F = Levels seen in this place.
 G = Mean time per level.
                   A        B        C        D        E       F      G
               +--------+--------+--------+--------+--------+-----+--------+
         Total |   1660 |   1626 |     34 |      0 |   1393 |   2 |  830.0 |
       Dungeon |   1660 |   1626 |     34 |      0 |   1393 |   2 |  830.0 |
               +--------+--------+--------+--------+--------+-----+--------+

Top non-repeatable levels by time:
     D:1: 1643 daAuts
     D:2: 17 daAuts
